 Dungeon Crawl Stone Soup version 0.30.1-4-g462c640d31 (webtiles) character file.

Game seed: 3239636321016355514

753 Bobit the Poker (level 7, -1/56 HPs)
             Began as a Gnoll Reaver on Aug 13, 2023.
             Was an Initiate of Makhleb.
             Succumbed to an orc wizard's poison
             ... on level 5 of the Dungeon.
             The game lasted 00:12:45 (5575 turns).

Bobit the Poker (Gnoll Reaver)                      Turns: 5575, Time: 00:12:46

Health: -1/56      AC:  6    Str: 14    XL:     7   Next: 79%
Magic:  2/15       EV: 12    Int: 12    God:    Makhleb [......]
Gold:   218        SH:  0    Dex: 10    Spells: 11/17 levels left

rFire   . . .        a - +0 spear
rCold   . . .        (no shield)
rNeg    . . .        k - +0 ring mail
rPois   .            (no helmet)
rElec   .            (no cloak)
rCorr   .            x - +0 pair of gloves
SInv    .            (no boots)
Will    .....        (no amulet)
Stlth   +            (no ring)
HPRegen 0.29/turn    (no ring)
MPRegen 0.14/turn

%: no passive effects
@: lethally poisoned (-1 -> -15), very slightly contaminated
A: fangs 1, strong nose, distributed training
a: Renounce Religion


You were on level 5 of the Dungeon.
You worshipped Makhleb.
Makhleb was noncommittal.
You visited 1 branch of the dungeon, and saw 5 of its levels.

You collected 302 gold pieces.
You spent 84 gold pieces at shops.

Inventory:

Hand Weapons
 a - a +0 spear (weapon)
Armour
 b - a +0 leather armour
 k - a +0 ring mail (worn)
 w - a +1 plate armour
 x - a +0 pair of gloves (worn)
Jewellery
 t - a ring of protection from fire
Wands
 p - a wand of mindburst (4)
 s - a wand of paralysis (2)
Scrolls
 c - a scroll of amnesia {unknown}
 d - 2 scrolls of blinking
 f - 8 scrolls of identify {unknown}
 g - a scroll of immolation {unknown}
 h - a scroll of enchant armour
 q - a scroll of vulnerability {unknown}
 v - a scroll of fog {unknown}
 y - a scroll of enchant weapon {unknown}
 A - 3 scrolls of magic mapping {unknown}
Potions
 e - a potion of ambrosia {unknown}
 i - a potion of haste {unknown}
 j - a potion of might {unknown}
 l - a potion of invisibility {unknown}
 n - 2 potions of brilliance
 o - 3 potions of attraction {unknown}
 r - 3 potions of heal wounds {unknown}
 u - a potion of mutation {unknown}
 z - a potion of flight {unknown}


   Skills:
 + Level 5.4 Fighting
 + Level 2.8 Short Blades
 + Level 2.8 Long Blades
 + Level 2.8 Axes
 + Level 2.8 Maces & Flails
 + Level 7.2 Polearms
 + Level 2.8 Staves
 + Level 2.8 Ranged Weapons
 + Level 2.8 Throwing
 + Level 2.8 Armour
 + Level 5.4 Dodging
 + Level 2.8 Stealth
 + Level 2.8 Shields
 + Level 2.8 Unarmed Combat
 + Level 5.8 Spellcasting
 + Level 5.9 Conjurations
 + Level 2.3 Hexes
 + Level 2.3 Summonings
 + Level 2.3 Necromancy
 + Level 2.3 Translocations
 + Level 2.3 Transmutations
 + Level 2.3 Fire Magic
 + Level 2.3 Ice Magic
 + Level 2.3 Air Magic
 + Level 2.3 Earth Magic
 + Level 2.3 Poison Magic
 + Level 3.1 Invocations
 + Level 2.8 Evocations


You had 11 spell levels left.
You knew the following spells:

 Your Spells              Type           Power      Damage    Failure   Level
a - Kiss of Death         Conj/Necr      52%        2d9       7%          1
b - Momentum Strike       Conj/Tloc      26%        3d8       10%         2
c - Hailstorm             Conj/Ice       13%        3d5       21%         3

Your spell library contained the following spells:

 Spells                   Type           Power      Damage    Failure   Level
 Cause Fear               Hex            4%         N/A       80%         4
 Dragon Form              Tmut           4%         N/A       100%        7
 Dragon's Call            Summ           4%         N/A       100%        9


Dungeon Overview and Level Annotations

Branches:
Dungeon (5/15)
 Temple: D:4-7

Altars:
Makhleb
Wu Jian

Shops:
D:2 =[[!:

Annotations:
D:5 1 runed translucent door, Stellion's ghost, novice HOFi


Innate Abilities, Weirdness & Mutations

You have very sharp teeth.
Your uncanny sense of smell can sniff out nearby items.
Your experience applies equally to all skills.


Message History

Confirm with . or Enter, or press ? or * to list all spells.
Aiming: Momentum Strike (safe; 11% risk of failure)
Press: ? - help, Dir - move target, f - orc priest
Aim: an orc priest, wielding a +0 flail (71% to hit)
The concentrated momentum hits the orc priest!!
You kill the orc priest!
Makhleb accepts your kill.
You are unable to move.
Something hits you.
You are poisoned.
You cannot move.
You cannot move.
You cannot move.
You cannot move.
Blink to where?
Press: ? - help, Dir - move target Blink to where?
Press: ? - help, Dir - move target
As you read the scroll labelled LUHAUC AWKATIX, it crumbles to dust.
It was a scroll of blinking.
You feel very sick.
You cannot move.
You start resting.
You feel sick. x3
Something tries to affect you, but you resist.
You start resting.
You are no longer robbed of momentum.
You feel sick.
You feel sick.
You feel sick.
You feel sick.
You are no longer poisoned.
Something hits you.
* * * LOW HITPOINT WARNING * * *
You are lethally poisoned!
Something hits you.
* * * LOW HITPOINT WARNING * * *
You are more poisoned.
* * * LOW HITPOINT WARNING * * *
You feel very sick.
Stellion's ghost crushes a nearby insect and laughs.
You die...

.#.#########..#⌠..♣...+.....
..............##..!..##...##
##.#####.......##W..##....##
#........##⌠##.....'.
#.........###......##
#....................
#..............###...
####..............# #...
.......@###.......# #.##
#######.###...))..###.#
.........))......#
.#.######.<......# #.#.#
#.......## . #.# #.......#
.# #.# #.......# #. #.#
#.......# #.......#


You could see Stellion's ghost.

Vanquished Creatures
  A sky beast (D:5)
  2 ogres
  A scorpion (D:5)
  A howler monkey (D:5)
  A jelly (D:4)
  2 hounds (D:5)
  An orc priest (D:5)
  An iguana (D:4)
  3 orc wizards
  Ijyb (D:3)
  3 adders
  4 worms
  4 dart slugs
  10 orcs
  3 bats
  4 endoplasms
  6 giant cockroaches
  7 goblins
  6 hobgoblins
  5 kobolds
  6 quokkas
  15 ball pythons
  6 frilled lizards
  9 rats
102 creatures vanquished.

Notes
Turn   | Place    | Note
-------+----------+-------------------------------------------
     0 | D:1      | Bobit the Gnoll Reaver began the quest for the Orb.
     0 | D:1      | Reached XP level 1. HP: 20/20 MP: 6/6
   197 | D:1      | Reached XP level 2. HP: 26/26 MP: 7/7
   310 | D:1      | Reached skill level 5 in Spellcasting
   310 | D:1      | Reached XP level 3. HP: 31/31 MP: 7/9
   319 | D:1      | Learned a level 2 spell: Momentum Strike
   323 | D:1      | Learned a level 3 spell: Hailstorm
   542 | D:1      | Reached skill level 1 in Invocations
   875 | D:2      | Reached skill level 1 in Short Blades
   875 | D:2      | Reached skill level 1 in Long Blades
   875 | D:2      | Reached skill level 1 in Axes
   875 | D:2      | Reached skill level 1 in Maces & Flails
   875 | D:2      | Reached skill level 1 in Staves
   875 | D:2      | Reached skill level 1 in Ranged Weapons
   875 | D:2      | Reached skill level 1 in Throwing
   875 | D:2      | Reached skill level 1 in Armour
   875 | D:2      | Reached skill level 1 in Stealth
   875 | D:2      | Reached skill level 1 in Shields
   875 | D:2      | Reached skill level 1 in Unarmed Combat
   875 | D:2      | Reached skill level 1 in Evocations
   922 | D:2      | Found Kiadwaps's Book Shop.
   969 | D:2      | Reached XP level 4. HP: 24/38 MP: 11/11
  1335 | D:2      | Found Vuecouc's Distillery.
  1342 | D:2      | Bought a potion of curing for 36 gold pieces
  1342 | D:2      | Bought a potion of brilliance for 48 gold pieces
  1367 | D:2      | Found Kextiemn's Armour Emporium.
  1422 | D:2      | Found Xymugh's Jewellery Boutique.
  1460 | D:2      | Found Hoevuaph's Antique Armour Shoppe.
  1540 | D:2      | Reached skill level 1 in Hexes
  1540 | D:2      | Reached skill level 1 in Summonings
  1540 | D:2      | Reached skill level 1 in Necromancy
  1540 | D:2      | Reached skill level 1 in Translocations
  1540 | D:2      | Reached skill level 1 in Transmutations
  1540 | D:2      | Reached skill level 1 in Fire Magic
  1540 | D:2      | Reached skill level 1 in Ice Magic
  1540 | D:2      | Reached skill level 1 in Air Magic
  1540 | D:2      | Reached skill level 1 in Earth Magic
  1540 | D:2      | Reached skill level 1 in Poison Magic
  2139 | D:3      | Reached XP level 5. HP: 6/13 MP: 7/12
  2220 | D:3      | Found a burning altar of Makhleb.
  2220 | D:3      | Noticed a green death
  2233 | D:3      | Noticed a neqoxec
  2233 | D:3      | Noticed a smoke demon
  2235 | D:3      | Became a worshipper of Makhleb the Destroyer
  2421 | D:3      | Noticed an ogre
  2425 | D:3      | Killed an ogre
  2426 | D:3      | Reached XP level 6. HP: 3/27 MP: 9/14
  3517 | D:3      | Noticed Ijyb
  3521 | D:3      | Paralysed by Ijyb for 3 turns
  3527 | D:3      | Killed Ijyb
  3528 | D:3      | Reached skill level 5 in Fighting
  3528 | D:3      | Reached skill level 5 in Dodging
  4871 | D:5      | Entered Level 5 of the Dungeon
  4876 | D:5      | Found a runed translucent door.
  4876 | D:5      | Noticed Stellion's ghost (novice HOFi)
  4956 | D:5      | Reached skill level 7 in Polearms
  4956 | D:5      | Reached XP level 7. HP: 36/46 MP: 15/15
  5236 | D:5      | Found an ornate altar of the Wu Jian Council.
  5374 | D:5      | HP: 1/56 [poisoned by an orc wizard]
  5574 | D:5      | HP: 2/56 [poisoned by an orc wizard]
  5575 | D:5      | Succumbed to an orc wizard's poison

Illustrated notes

Levels and vault maps discovered:
D:1:      saegor_arrival_simple_a, layout_loops_ring, hex_large
D:2:      layout_loops_ring, serial_shops, nicolae_shop_advertising_works
          [nicolae_subvault_shop_adworks], shop, nicolae_shop_peninsula, shop,
          nicolae_shop_statue_plus, minivault_11
D:3:      wad_crossroads, layout_basic, makhleb_altar_promises_db, uniq_ijyb
D:4:      layout_loops_ring, hangedman_decor_push, minmay_misc_feat_chi,
          nrook_mini_vaults
D:5:      layout_basic, trog_book, mainiacjoe_overflow_small_starburst,
          hellmonk_ghost_happy_afterlife

Skill      XL: |  1  2  3  4  5  6  7 |
---------------+----------------------+-----
Spellcasting   | 5 |  5.8
Invocations    | 1 2 3 |  3.1
Short Blades   | 1 2 |  2.8
Long Blades    | 1 2 |  2.8
Axes           | 1 2 |  2.8
Maces & Flails | 1 2 |  2.8
Staves         | 1 2 |  2.8
Ranged Weapons | 1 2 |  2.8
Throwing       | 1 2 |  2.8
Armour         | 1 2 |  2.8
Stealth        | 1 2 |  2.8
Shields        | 1 2 |  2.8
Unarmed Combat | 1 2 |  2.8
Evocations     | 1 2 |  2.8
Hexes          | 1 2 |  2.3
Summonings     | 1 2 |  2.3
Necromancy     | 1 2 |  2.3
Translocations | 1 2 |  2.3
Transmutations | 1 2 |  2.3
Fire Magic     | 1 2 |  2.3
Ice Magic      | 1 2 |  2.3
Air Magic      | 1 2 |  2.3
Earth Magic    | 1 2 |  2.3
Poison Magic   | 1 2 |  2.3
Fighting       | 5 |  5.4
Dodging        | 5 |  5.4
Polearms       | 7 |  7.2
Conjurations   | |  5.9

Action                     |  1- 3 |  4- 6 |  7- 9 || total
---------------------------+-------+-------+-------++-------
  Melee: Spear             |   139 |   196 |    74 ||   409
         Bite              |     9 |    13 |    17 ||    39
         Punch             |     2 |     5 |       ||     7
   Cast: Kiss of Death     |       |     9 |       ||     9
         Momentum Strike   |       |     4 |     8 ||    12
         Hailstorm         |       |       |     2 ||     2
    Use: Scroll            |       |       |     2 ||     2
         Potion            |       |       |     2 ||     2
   Stab: Sleeping          |     1 |     1 |       ||     2
 Armour: Leather armour    |    18 |       |       ||    18
         Ring mail         |     7 |    39 |    31 ||    77
  Dodge: Dodged            |    61 |    69 |    49 ||   179
